 Dungeon Crawl Stone Soup version 0.26-a0-800-g517d6fe721 (webtiles) character file.

Game seed: 6370020218852349915

4 EnegeticOcto the Grasshopper (level 1, -1/18 HPs)
             Began as a Ghoul Warper on Nov 11, 2020.
             Slain by a hobgoblin
             ... wielding a cursed +0 club
              (6 damage)
             ... on level 1 of the Dungeon.
             The game lasted 00:00:43 (96 turns).

EnegeticOcto the Grasshopper (Ghoul Warper)           Turns: 96, Time: 00:00:44

Health: -1/18      AC:  3    Str: 14    XL:     1   Next: 70%
Magic:  2/2        EV: 11    Int:  8    God:
Gold:   16         SH:  0    Dex:  8    Spells: 3/3 levels left

rFire    . . .     SeeInvis .     - Unarmed
rCold    + . .     Faith    .   (no shield)
rNeg     + + +     Spirit   .   a - +0 leather armour
rPois    ∞         Reflect  .   (no helmet)
rElec    .         Harm     .   (no cloak)
rCorr    .         Rampage  .   (no gloves)
MR       .....                  (no boots)
Stlth    +.........             (no amulet)
HPRegen  0.00/turn              (no ring)
MPRegen  0.08/turn              (no ring)

@: no status effects
A: rotting body, claws 1, cold resistance 1, negative energy resistance 3,
inhibited regeneration, torment resistance, unbreathing
a: no special abilities


You were on level 1 of the Dungeon.
You visited 1 branch of the dungeon, and saw 1 of its levels.

You collected 16 gold pieces.

Inventory:

Missiles
 d - 5 boomerangs of dispersal (quivered)
 h - 23 bolts
Armour
 a - a +0 leather armour (worn)
Scrolls
 c - a scroll of blinking {@r4}
 e - a scroll of magic mapping {unknown}
 f - a scroll of fog {unknown}
 g - a scroll of enchant armour {unknown}
Potions
 b - 2 potions of flight {unknown}


   Skills:
 + Level 2.3 Fighting
 - Level 0.8 Throwing
 - Level 0.8 Armour
 - Level 1.7 Dodging
 * Level 2.5 Unarmed Combat
 - Level 1.7 Spellcasting
   Level 2.6 Translocations


You had 3 spell levels left.
You didn't know any spells.
Your spell library contained the following spells:

 Spells                   Type           Power        Failure   Level
 Blink                    Tloc           N/A          22%         2
 Gell's Gravitas          Tloc           #.........   41%         3
 Lesser Beckoning         Tloc           #.........   41%         3
 Teleport Other           Tloc           #.......     41%         3
 Passage of Golubria      Tloc           N/A          83%         4


Dungeon Overview and Level Annotations

Branches:
Dungeon (1/15)

Altars:


Innate Abilities, Weirdness & Mutations

Your body is rotting away.
You thrive by killing the living.
You are immune to poison.
You have sharp fingernails.
Your flesh is cold resistant. (rC+)
You are immune to negative energy. (rN+++)
You do not regenerate when monsters are visible.
You are immune to unholy pain and torment.
You can survive without breathing.


Message History

The kobold is moderately wounded.
The kobold barely misses you.
You closely miss the kobold.
The kobold is moderately wounded.
The kobold barely misses you.
You barely miss the kobold.
The kobold is moderately wounded.
The kobold barely misses you.
You barely miss the kobold. Your claw misses the kobold.
The kobold is moderately wounded.
The kobold hits you.
You barely miss the kobold.
The kobold is moderately wounded.
The kobold hits you.
You closely miss the kobold.
The kobold is moderately wounded.
The kobold hits you.
You scratch the kobold but do no damage.
The kobold is moderately wounded.
The kobold hits you but does no damage.
Your leather armour prevents you from hitting the kobold.
The kobold is moderately wounded.
The kobold hits you but does no damage.
You barely miss the kobold.
The kobold is moderately wounded.
The kobold hits you.
You scratch the kobold.
You kill the kobold!
f - a scroll labelled NUIDIGGIEN A bat comes into view.
The bat misses you.
You see here a scroll labelled IXACILIG LOFU.
You scratch the bat.
You kill the bat!
You feel better.
g - a scroll labelled IXACILIG LOFU A bat and a kobold come into view.
The kobold shouts!
Found 16 gold pieces.
You see here a bat corpse.
The bat closely misses you. The kobold barely misses you.
Found a whip.
You closely miss the kobold. The bat closely misses you.
The kobold barely misses you.
You closely miss the kobold. The bat hits you but does no damage.
The kobold hits you but does no damage.
You scratch the kobold.
The kobold is moderately wounded.
The bat hits you but does no damage. The kobold hits you with a +0 whip.
You closely miss the kobold.
The kobold is moderately wounded.
The bat misses you. The kobold hits you but does no damage.
You closely miss the kobold. You claw the kobold.
You kill the kobold!
You feel better. The bat hits you.
You miss the bat. The bat hits you but does no damage.
You closely miss the bat. The bat hits you but does no damage.
The bat closely misses you.
Found 23 bolts.
You see here a dark potion.
b - 2 dark potions (gained 1)
The bat barely misses you.
You scratch the bat but do no damage. The bat hits you but does no damage.
The bat closely misses you.
Things that are here:
a +0 whip; a kobold corpse You barely miss the bat.
The bat misses you.
You scratch the bat.
The bat is heavily wounded.
The bat closely misses you. The bat closely misses you.
The bat closely misses you.
You closely miss the bat.
The bat is moderately wounded.
The bat hits you but does no damage.
You miss the bat.
The bat is moderately wounded.
The bat misses you. The bat closely misses you.
You barely miss the bat. The bat hits you. The bat closely misses you.
You barely miss the bat. The bat hits you but does no damage.
You scratch the bat.
You kill the bat!
Found a fizzy orange potion.
You see here 23 bolts.
h - 23 bolts You see here a whip.
You now have 16 gold pieces.
A goblin comes into view. It is wielding a +0 dagger.
The goblin shouts!
You hear a shout!
Found a spear.
A hobgoblin comes into view. It is wielding a +0 club.
The hobgoblin shouts!
You closely miss the goblin. The goblin hits you with a +0 dagger.
* * * LOW HITPOINT WARNING * * *
A goblin comes into view. It is wielding a -1 club.
You barely miss the goblin. The goblin closely misses you.
You barely miss the goblin. The goblin barely misses you.
The hobgoblin hits you with a cursed +0 club.
You die...

#.......#.#.###.##
#.......# #.....##
#....†#.# #..###.≈
#.....#.# #. #♣≈
##....#.. # ###≈
#..).##.. #.##
########....# ...
#... .)..........#
... #.##
.g....g@....# ###P
......g.....# ♣≈
........##### .≈
.......!# ###
........# #
........#
........#
........#


You could see a hobgoblin and 2 goblins.

Vanquished Creatures
  2 kobolds (D:1)
  2 bats (D:1)
4 creatures vanquished.

Notes
Turn   | Place    | Note
-------+----------+-------------------------------------------
     0 | D:1      | EnegeticOcto the Ghoul Warper began the quest for the Orb.
     0 | D:1      | Reached XP level 1. HP: 17/17 MP: 2/2
    96 | D:1      | Slain by a hobgoblin

Illustrated notes

Levels and vault maps discovered:
D:1:      sevenhm_arrival_forest_fort_small_4, layout_basic,
          minmay_small_reverse_x

Action                   || total
-------------------------++-------
Melee: Unarmed           ||    32
       Punch             ||     1
Armor: Leather armour    ||    11
Dodge: Dodged            ||    22

Table legend: (Time is in decaauts)
 A = Elapsed time spent in this place.
 B = Non-inter-level travel time spent in this place.
 C = Inter-level travel time spent in this place.
 D = Time resting spent in this place.
 E = Time spent auto-exploring this place.
 F = Levels seen in this place.
 G = Mean time per level.
                   A        B        C        D        E       F      G
               +--------+--------+--------+--------+--------+-----+--------+
         Total |     97 |     97 |      0 |      0 |      0 |   1 |   97.0 |
       Dungeon |     97 |     97 |      0 |      0 |      0 |   1 |   97.0 |
               +--------+--------+--------+--------+--------+-----+--------+

Top non-repeatable levels by time:
     D:1: 97 daAuts
